 Dungeon Crawl Stone Soup version 0.29.1-12-g30fa7ad0bf (webtiles) character file.

Game seed: 4921191092993209077

210 foxkelfonne the Slicer (level 5, 0/41 HPs)
             Began as a Gnoll Wanderer on Dec 27, 2022.
             Was an Initiate of Nemelex Xobeh.
             Succumbed to Blork the orc's poison
             ... on level 4 of the Dungeon.
             The game lasted 00:32:49 (2524 turns).

foxkelfonne the Slicer (Gnoll Wanderer)             Turns: 2524, Time: 00:32:50

Health: 0/41       AC: 13    Str: 10    XL:     5   Next: 87%
Magic:  7/7        EV: 12    Int: 11    God:    Nemelex Xobeh [......]
Gold:   168        SH:  0    Dex: 15    Spells: 7/7 levels left

rFire   x . .      SeeInvis .   g - +1 dagger (protect)
rCold   + . .      Faith    .   (no shield)
rNeg    . . .      Spirit   .   t - +0 ring mail
rPois   .          Reflect  .   (no helmet)
rElec   .          Harm     .   c - +0 cloak
rCorr   .          Rampage  .   (no gloves)
Will    +....                   (no boots)
Stlth   +.........              q - amulet of the acrobat
HPRegen 0.13/turn               f - ring of ice
MPRegen 0.10/turn               l - ring of willpower

@: lethally poisoned (0 -> -8), under a protective aura
A: fangs 1, strong nose, distributed training
a: Renounce Religion, Draw Escape, Draw Destruction, Draw Summoning


You were on level 4 of the Dungeon.
You worshipped Nemelex Xobeh.
Nemelex Xobeh was noncommittal.
You visited 1 branch of the dungeon, and saw 4 of its levels.

You collected 168 gold pieces.

Inventory:

Hand Weapons
 a - a +2 short sword
 g - a +1 dagger of protection (weapon)
 j - a +0 sling
Missiles
 n - 26 stones (quivered)
 r - 5 boomerangs
 s - 4 silver boomerangs
 w - a throwing net
Armour
 b - a +0 robe
 c - a +0 cloak (worn)
 e - a +0 robe
 t - a +0 ring mail (worn)
Jewellery
 f - a ring of ice (left hand)
 l - a ring of willpower (right hand)
 q - an amulet of the acrobat (around neck)
Wands
 v - a wand of paralysis (5)
Scrolls
 d - a scroll of summoning
 k - a scroll of amnesia {unknown}
 m - a scroll of blinking
 u - a scroll of vulnerability {unknown}
 y - a scroll of magic mapping
Potions
 h - a potion of heal wounds {unknown}
 i - a potion of curing
 o - a potion of flight
 p - 2 potions of magic
 x - a potion of haste {unknown}


   Skills:
 + Level 3.1 Fighting
 + Level 8.7 Short Blades
 + Level 1.7 Long Blades
 + Level 1.7 Axes
 + Level 4.9 Maces & Flails
 + Level 1.7 Polearms
 + Level 1.7 Staves
 + Level 1.7 Ranged Weapons
 + Level 3.1 Throwing
 + Level 1.7 Armour
 + Level 4.9 Dodging
 + Level 1.7 Stealth
 + Level 1.7 Shields
 + Level 1.7 Unarmed Combat
 + Level 1.7 Spellcasting
 + Level 1.3 Conjurations
 + Level 1.3 Hexes
 + Level 1.3 Summonings
 + Level 1.3 Necromancy
 + Level 1.3 Translocations
 + Level 1.3 Transmutations
 + Level 1.3 Fire Magic
 + Level 1.3 Ice Magic
 + Level 1.3 Air Magic
 + Level 1.3 Earth Magic
 + Level 1.3 Poison Magic
 + Level 2.0 Invocations
 + Level 1.7 Evocations


You had 7 spell levels left.
You didn't know any spells.
Your spell library contained the following spells:

 Spells                   Type           Power      Damage    Failure   Level
 Frozen Ramparts          Ice            12%        1d2       78%         3
 Inner Flame              Hex/Fire       4%         N/A       78%         3
 Cause Fear               Hex            2%         N/A       99%         4
 Ice Form                 Ice/Tmut       6%         N/A       99%         4
 Summon Ice Beast         Ice/Summ       6%         N/A       99%         4
 Discord                  Hex            2%         N/A       100%        8


Dungeon Overview and Level Annotations

Branches:
Dungeon (4/15)
 Temple: D:4-7

Altars:
Gozag
Nemelex Xobeh
Vehumet
Wu Jian

Annotations:
D:4 Blork the orc


Innate Abilities, Weirdness & Mutations

You have very sharp teeth.
Your uncanny sense of smell can sniff out nearby items.
Your experience applies equally to all skills.


Message History

Blork the orc is heavily wounded.
* * * LOW HITPOINT WARNING * * *
You feel sick.
You hit Blork the orc. Your bite misses Blork the orc.
Blork the orc is severely wounded.
* * * LOW HITPOINT WARNING * * *
You feel sick.
Blork the orc hits you but does no damage.
You are more poisoned.
You hit Blork the orc.
Blork the orc is severely wounded.
* * * LOW HITPOINT WARNING * * *
You feel sick.
You closely miss Blork the orc.
Blork the orc is severely wounded.
* * * LOW HITPOINT WARNING * * *
You feel very sick. Blork the orc barely misses you.
You hit Blork the orc but do no damage.
Blork the orc is severely wounded.
* * * LOW HITPOINT WARNING * * *
You feel sick. Blork the orc casts a spell at you.
The puff of frost misses you.
You hit Blork the orc.
Blork the orc is almost dead.
* * * LOW HITPOINT WARNING * * *
You feel sick.
You hit Blork the orc.
Blork the orc is almost dead.
* * * LOW HITPOINT WARNING * * *
You feel sick. Blork the orc closely misses you.
You closely miss Blork the orc.
Blork the orc is almost dead.
* * * LOW HITPOINT WARNING * * *
You feel sick.
You hit Blork the orc but do no damage.
Blork the orc is almost dead.
You die...
Your body disappears without a glow.

*######.........#
#..............#
#....>.........###
#.....#....[.....#
#.....#.###.#.##.# **
#..)..#.# #.#...,#
,###.....#.# #.#########*
,#.......#.###..o.......*
,#.#.....#.##...@.......*
.#.......#....≈≈.≈≈≈≈≈≈.*
........#####.≈.......≈.*****
###.....#*,...§§#.###.≈.,,,,*
>.......##.##.§§#...*,≈.,**,*
.#..#.#.##,*§§§§#._.#,~§***,*
....#.#.#*,#..≈.#...#,~,,,,,*
...#..#,#*,...≈.###.#,~,,****
...##.#.****,,~,,,,,,,~,,*


You could see Blork the orc.

Vanquished Creatures
  A hound (D:3)
  An orc priest (D:3)
  An orc wizard (D:3)
  3 adders
  2 worms
  2 dart slugs (D:1)
  8 orcs (D:3)
  7 ball pythons
  5 endoplasms
  2 giant cockroaches (D:1)
  6 goblins
  5 hobgoblins
  8 quokkas
  8 bats
  4 frilled lizards
  10 kobolds
  4 rats
77 creatures vanquished.

Notes
Turn   | Place    | Note
-------+----------+-------------------------------------------
     0 | D:1      | foxkelfonne the Gnoll Wanderer began the quest for the Orb.
     0 | D:1      | foxkelfonne set off with the following items: a +2 short
                  | sword, a +0 mace, a +0 cloak, a scroll of summoning, a +0
                  | robe.
     0 | D:1      | Reached XP level 1. HP: 17/17 MP: 1/1
   263 | D:1      | Reached XP level 2. HP: 19/23 MP: 2/2
   443 | D:1      | Found a faded altar of an unknown god.
   457 | D:1      | Reached XP level 3. HP: 28/28 MP: 3/3
   857 | D:2      | Reached skill level 1 in Invocations
  1109 | D:2      | Reached skill level 1 in Long Blades
  1109 | D:2      | Reached skill level 1 in Axes
  1109 | D:2      | Reached skill level 1 in Polearms
  1109 | D:2      | Reached skill level 1 in Staves
  1109 | D:2      | Reached skill level 1 in Ranged Weapons
  1109 | D:2      | Reached skill level 1 in Armour
  1109 | D:2      | Reached skill level 1 in Stealth
  1109 | D:2      | Reached skill level 1 in Shields
  1109 | D:2      | Reached skill level 1 in Unarmed Combat
  1109 | D:2      | Reached skill level 1 in Spellcasting
  1109 | D:2      | Reached skill level 1 in Evocations
  1137 | D:2      | Reached XP level 4. HP: 25/34 MP: 5/5
  1493 | D:3      | Reached skill level 1 in Conjurations
  1493 | D:3      | Reached skill level 1 in Hexes
  1493 | D:3      | Reached skill level 1 in Summonings
  1493 | D:3      | Reached skill level 1 in Necromancy
  1493 | D:3      | Reached skill level 1 in Translocations
  1493 | D:3      | Reached skill level 1 in Transmutations
  1493 | D:3      | Reached skill level 1 in Fire Magic
  1493 | D:3      | Reached skill level 1 in Ice Magic
  1493 | D:3      | Reached skill level 1 in Air Magic
  1493 | D:3      | Reached skill level 1 in Earth Magic
  1493 | D:3      | Reached skill level 1 in Poison Magic
  1554 | D:3      | Reached XP level 5. HP: 31/40 MP: 5/7
  1615 | D:3      | Found a sparkling altar of Nemelex Xobeh.
  1615 | D:3      | Found an ornate altar of the Wu Jian Council.
  1650 | D:3      | Became a worshipper of Nemelex Xobeh the Trickster
  1843 | D:3      | Identified the -1 cloak of Gozag's Respect {-Cast Harm
                  | *Slow rPois}
  2114 | D:3      | Found an opulent altar of Gozag.
  2499 | D:4      | Found a radiant altar of Vehumet.
  2499 | D:4      | Noticed Blork the orc
  2521 | D:4      | HP: 2/41 [poisoned by Blork the orc]
  2524 | D:4      | Succumbed to Blork the orc's poison

Illustrated notes

Levels and vault maps discovered:
D:1:      minmay_arrival_three_doors, layout_rooms,
          ebering_ecumenical_altar_sacrificial, nrook_loot_triangle
D:2:      layout_rooms, due_unseen_surprise
D:3:      layout_loops_ring, nicolae_overflow_crystal_walls,
          jmf_multi_god_temple
D:4:      layout_basic, mainiacjoe_overflow_brackets, uniq_blork_the_orc

Skill      XL: |  1  2  3  4  5 |
---------------+----------------+-----
Invocations    | 1 2 |  2.0
Long Blades    | 1 |  1.7
Axes           | 1 |  1.7
Polearms       | 1 |  1.7
Staves         | 1 |  1.7
Ranged Weapons | 1 |  1.7
Armour         | 1 |  1.7
Stealth        | 1 |  1.7
Shields        | 1 |  1.7
Unarmed Combat | 1 |  1.7
Spellcasting   | 1 |  1.7
Evocations     | 1 |  1.7
Conjurations   | 1 |  1.3
Hexes          | 1 |  1.3
Summonings     | 1 |  1.3
Necromancy     | 1 |  1.3
Translocations | 1 |  1.3
Transmutations | 1 |  1.3
Fire Magic     | 1 |  1.3
Ice Magic      | 1 |  1.3
Air Magic      | 1 |  1.3
Earth Magic    | 1 |  1.3
Poison Magic   | 1 |  1.3
Fighting       | 3 |  3.1
Throwing       | 3 |  3.1
Short Blades   | |  8.7
Maces & Flails | |  4.9
Dodging        | |  4.9

Action                   |  1- 3 |  4- 6 || total
-------------------------+-------+-------++-------
Melee: Short sword       |    17 |       ||    17
       Dagger            |   142 |   209 ||   351
       Bite              |    20 |    23 ||    43
       Punch             |     1 |     5 ||     6
  Use: Scroll            |       |     6 ||     6
 Stab: Distracted        |     1 |       ||     1
       Sleeping          |       |     1 ||     1
Armor: Robe              |    55 |    29 ||    84
       Ring mail         |       |    25 ||    25
Dodge: Dodged            |   131 |   131 ||   262
